[Event "N1 Reykjavik Open 2014"]
[Site "Reykjavik, Iceland"]
[Date "2014.03.12"]
[Round "10.8"]
[White "Stefansson, Hannes"]
[Black "Bekker-Jensen, Simon"]
[Result "1-0"]
[WhiteElo "2541"]
[BlackElo "2418"]
[ECO "E69"]
[EventDate "2014.??.??"]
[Annotator "peturla"]
[PlyCount "130"]
[TimeControl "6000+870"]
[WhiteClock "0:07:52"]
[BlackClock "0:01:06"]

1. d4 Nf6 2. c4 g6 3. g3 Bg7 4. Bg2 O-O 5. Nc3 d6 6. Nf3 c6 7. O-O Qa5 8. 
e4 e5 9. h3 Nbd7 10. Re1 exd4 11. Nxd4 Ne5 12. Bf1 Re8 13. Be3 c5 14. Nb3 
Qb4 15. a3 Qb6 16. Nd2 Nc6 17. b4 Ng4 18. hxg4 Bxc3 19. Rb1 Qc7 20. b5 Ne5
21. Be2 Be6 22. f4 Bxd2 23. Bxd2 Nxc4 24. Bc3 Ne3 25. Qd3 Nxg4 26. f5 Bxf5
27. exf5 Re3 28. Qd2 Rxg3+ 29. Kf1 Ne3+ 30. Kf2 Nxf5 31. Bf3 c4 32. Rbd1 
Qc5+ 33. Bd4 Qxb5 34. Re4 Rh3 35. Kg2 Rg3+ 36. Kf2 Rh3 37. Kg2 Rh4 38. Bf6
Rxe4 39. Bxe4 Re8 40. Rb1 Qc5 41. Rxb7 Ne3+ 42. Kf3 Nf1 43. Qc1 Qg1 44. 
Qf4 Nh2+ 45. Ke2 Rxe4+ 46. Qxe4 Qf1+ 47. Kd2 Qxf6 48. Kc2 Nf3 49. Qxc4 Ne5
50. Qd4 a5 51. Rb6 Qf5+ 52. Kb3 Qb1+ 53. Ka4 Qc2+ 54. Kb5 Qb3+ 55. Ka6 
Qc4+ 56. Qxc4 Nxc4 57. Rb3 Kg7 58. Kb5 d5 59. Kc5 Kf6 60. Kxd5 Nxa3 61. 
Rxa3 Kf5 62. Rf3+ Kg4 63. Rxf7 h5 64. Ke4 g5 65. Rg7 h4 1-0